 Dungeon Crawl Stone Soup version 0.27.1-2-g3b301248ec (webtiles) character file.

Game seed: 3024539032396556016

155456 jfcaron the Warrior (level 18, 0/139 HPs)
             Began as a Djinni Air Elementalist on Sept 25, 2021.
             Was the Champion of Makhleb.
             Killed from afar by Nikola (46 damage)
             ... with an arc of chain lightning
             ... on level 1 of the Shoals.
             The game lasted 02:40:24 (33295 turns).

jfcaron the Warrior (Djinni Air Elementalist)      Turns: 33295, Time: 02:40:24

Health: 0/139      AC: 13    Str: 11    XL:     18   Next: 27%
Gold:   959        EV: 13    Int: 25    God:    Makhleb [******] SH: 14 Dex: 14

rFire    + + +     SeeInvis +   g - +6 trident of Ehan {elec, rElec Will+ Str+4}
rCold    + + +     Faith    .   x - +2 kite shield
rNeg     . . .     Spirit   .   m - +4 skin of Zhor {*Englaciate rC+++ SInv}
rPois    ∞         Reflect  .   V - +2 hat {Will+}
rElec    +         Harm     .   B - scarf {rC+ rF+}
rCorr    .         Rampage  .   F - +0 pair of gloves
Will     +++..                  (boots unavailable)
Stlth    ++........             t - amulet of regeneration
HPRegen  1.33/turn              K - ring of protection from cold
MPRegen  0.00/turn              Q - +4 ring of protection

@: death channeling, flying
A: sickness immunity, fire resistance 2, cold vulnerability 1, float, innate
caster, hp casting, extra vitality 1
a: Renounce Religion, Minor Destruction, Lesser Servant of Makhleb, Major
Destruction, Greater Servant of Makhleb


You were on level 1 of the Shoals.
You worshipped Makhleb.
Makhleb was exalted by your worship.
You visited 6 branches of the dungeon, and saw 29 of its levels.
You visited 1 bazaar.
You also visited: Ice Cave.

You collected 2567 gold pieces.
You spent 1608 gold pieces at shops.

Inventory:

Hand Weapons
 g - the +6 trident of Ehan (weapon) {elec, rElec Will+ Str+4}
   (You bought it in a shop on level 2 of the Orcish Mines)

   It occasionally discharges a powerful burst of electricity upon striking a
   foe.
   Str:       It affects your strength (+4).
   rElec:     It insulates you from electricity.
   Will:      It increases your willpower.
 w - a +2 spear of distortion
Missiles
 d - 28 poisoned darts
 o - 4 throwing nets {!f}
 q - a curare-tipped dart {!f}
Armour
 m - the +4 skin of Zhor (worn) {*Englaciate rC+++ SInv}
   (You found it in an ice cave)

   It radiates cold, occasionally slowing all nearby creatures who are not
   resistant to cold.
   rC:        It renders you almost immune to cold.
   SInv:      It lets you see invisible.
 x - a +2 kite shield (worn)
 B - a scarf of resistance (worn)
 F - a +0 pair of gloves (worn)
 R - a +2 robe of positive energy
 S - a +2 robe of the Archmagi
 U - +0 acid dragon scales
 V - a +2 hat of willpower (worn)
Jewellery
 t - an amulet of regeneration (around neck)
 y - a ring of wizardry
 K - a ring of protection from cold (left hand)
 Q - a +4 ring of protection (right hand)
Wands
 i - a wand of iceblast (32)
 u - a wand of paralysis (12)
 E - a wand of mindburst (42)
 H - a wand of digging (4)
 I - a wand of charming (8)
 O - a wand of acid (11)
 W - a wand of polymorph (10)
Scrolls
 e - 4 scrolls of magic mapping
 f - 2 scrolls of silence
 j - 3 scrolls of vulnerability
 k - 2 scrolls of immolation
 l - 7 scrolls of teleportation
 r - a scroll of summoning
 v - 12 scrolls of identify
 z - 5 scrolls of fog
 D - 2 scrolls of enchant armour
 J - 2 scrolls of blinking
 L - 3 scrolls of holy word
 N - a scroll of torment
Potions
 a - 4 potions of ambrosia
 b - 11 potions of curing
 c - 11 potions of haste
 h - 5 potions of heal wounds
 n - a potion of lignification
 p - 4 potions of resistance
 A - 2 potions of brilliance
 C - 2 potions of invisibility
 G - 4 potions of cancellation
 M - 3 potions of attraction
 P - 4 potions of mutation
Miscellaneous
 s - a lightning rod (4/4)
 X - a condenser vane


   Skills:
 - Level 16.0 Fighting
 - Level 5.0 Dodging
 - Level 1.5 Stealth
 + Level 12.4 Shields
 - Level 16.0 Spellcasting
 - Level 13.0 Invocations


You had 8 spell levels left.
You knew the following spells:

 Your Spells              Type           Power      Damage    Failure   Level
a - Shock                 Conj/Air       100%       1d9       0%          1
b - Static Discharge      Conj/Air       79%        N/A       0%          2
c - Swiftness             Air            79%        N/A       0%          3
d - Airstrike             Air            39%        N/A       1%          4
e - Sting                 Tmut/Pois      100%       1d8       0%          1
f - Passwall              Tmut/Erth      65%        N/A       0%          2
g - Teleport Other        Tloc           79%        N/A       0%          3
h - Portal Projectile     Hex/Tloc       100%       N/A       0%          3
i - Lee's Rapid Deconstr  Erth           39%        3d20*     1%          5
j - Fireball              Conj/Fire      39%        3d16      1%          5
k - Eringya's Noxious Bo  Tmut/Pois      39%        N/A       1%          6
l - Death Channel         Necr           39%        N/A       1%          6
Your spell library was empty.

Dungeon Overview and Level Annotations

Branches:
Dungeon (15/15)            Temple (1/1) D:7            Lair (6/6) D:9
 Shoals (2/4) Lair:2        Snake (3/4) Lair:2        Slime (0/5) Lair:5
    Orc (2/2) D:11            Elf (0/3) Orc:2        Vaults (0/5) D:14
 Depths (0/5) D:15          IceCv (visited)

Altars:
Ashenzari
Cheibriados
Dithmenos
Elyvilon
Fedhas
Gozag
Hepliaklqana
Kikubaaqudgha
Makhleb
Nemelex Xobeh
Okawaru
Qazlal
Ru
Sif Muna
Trog
Uskayaw
Vehumet
Wu Jian
Xom
Yredelemnul
Zin
The Shining One
Beogh
Jiyva

Shops:
D:9 *   D:10 ?[*   D:11 [   Orc:2 :*(=   Snake:1 :=:   Snake:2 *   Snake:3 (

Annotations:
Shoals:1 3 runed translucent doors, exclusion: 3 doors, Heh's ghost, adept DsGl; Lianjan's ghost, adept MiGl; Nikola; fearitself's ghost, adept MiBe


Innate Abilities, Weirdness & Mutations

You are immune to sickness and miasma.
You are immune to poison.
Your flesh is very heat resistant. (rF++)
You are vulnerable to cold. (rC-)
You float through the air rather than walking.
You learn spells naturally, not from books.
Your magical power is your life essence.
You have superior vitality. (+4 HP)


Message History

Nikola is moderately wounded.
You radiate an aura of cold.
Your spectral merfolk is unaffected.
Nikola resists.
Your spectral cyclops is unaffected.
Nikola drinks a potion.
Nikola seems to grow stronger.
Your spectral merfolk hits Nikola.
Your spectral merfolk drains Nikola.
Casting: Airstrike (safe; 1% risk of failure)
Confirm with . or Enter, or press ? or * to list all spells.
Aiming: Airstrike (safe; 1% risk of failure)
Press: ? - help, Dir - move target, f/p - Nikola
Aim: Nikola, wielding a +2 rapier of electrocution, wearing a +0 cloak and wearing a +0 pair of gloves (moderately wounded, strong, lightly drained, ally target)
The air twists around and strikes Nikola!
Nikola is heavily wounded.
Your spectral cyclops hits Nikola!
Nikola hits your spectral merfolk with a +2 rapier of electrocution!!
Your spectral merfolk is destroyed!
Casting: Airstrike (safe; 1% risk of failure)
Confirm with . or Enter, or press ? or * to list all spells.
Aiming: Fireball (safe; 1% risk of failure)
Press: ? - help, Shift-Dir - straight line, p - Nikola The fireball explodes!
The fireball engulfs Nikola!
Nikola is heavily wounded.
Nikola is engulfed in a cloud of scalding steam.
Nikola gestures wildly while chanting.
Lightning arcs from Nikola's hands!
The bolt of lightning hits your spectral cyclops!!!!
Your spectral cyclops is destroyed!
A bolt of lightning appears from out of thin air!
The bolt of lightning hits Nikola.
The bolt of lightning hits you!!! You resist.
* * * LOW HITPOINT WARNING * * *
You hear a bleat! x2; You hear a shout!
You hear an angry hiss.
Unknown command.
You feel much better.
Nikola is engulfed in a cloud of scalding steam.
Nikola mumbles some strange words.
Lightning arcs from Nikola's hands!
The bolt of lightning hits you!!! You resist.
You die...

≈≈≈≈.#*####≈≈≈≈≈≈,,* *,,,,,,,,
≈≈≈..#♣⌠♣.##≈≈≈≈≈≈,* **,,,,,,,,
≈≈≈..#....8#*≈≈≈≈≈,*# **,,,,*,,,,
≈≈...#.....?*,,,,,,.###.,,,,**,,,
≈≈...+.....)*,,***,.....,,,,,,,,,
.....+.....8#,** *..≈≈≈≈≈,,,,*,,,
.....+.....$#.####......≈≈≈≈**,,,
.....#WW....#....)......,≈≈≈,**,,
.....#W...8##.≈.@.....≈≈≈≈≈≈≈≈,,,
.....#♣⌠♣!##≈≈≈≈≈§§§≈≈≈≈,,≈≈≈,,,,
<....####*#≈≈≈≈≈≈@§§.≈≈≈≈≈,≈≈≈,,,
.........≈≈≈≈≈≈≈≈≈§.≈≈≈≈≈≈≈≈≈,,,,
.............≈≈.....≈≈≈≈≈≈≈≈,,,,,
.......≈≈≈......(....≈≈≈≈≈≈,,,,*,
....†..≈≈≈≈.........≈≈≈.≈≈≈,,,,,,
≈≈.....≈≈≈...####..≈≈≈≈.,≈≈,,,,≈≈
..≈≈≈..≈≈≈..,**,,≈≈≈≈,≈≈,,≈,,,,≈≈


You could see Nikola (strong, drained).

Vanquished Creatures
  Ilsuiw (Shoals:2)
  2 nagarajas (Snake:2)
  Aizul (Snake:2)
  2 very ugly things (IceCv)
  A dire elephant (D:15)
  The ghost of Pyris the Peltast, a journeyman GrFi of Okawaru (Lair:6)
  An ettin (Orc:2)
  2 fire dragons
  3 merfolk impalers (Shoals:2)
  Fannar (Lair:2)
  4 vault guards (D:14)
  7 naga warriors
  9 hydras
  A boulder beetle (D:13)
  The ghost of bnorton916 the Devastator, a journeyman DECj of Vehumet (Lair:3)
  4 caustic shrike simulacra (IceCv)
  The ghost of worthlessgem the Slasher, a journeyman DjWr of Gozag (Orc:1)
  6 two-headed ogres
  A catoblepas (Lair:6)
  8 centaur warriors
  5 anacondas
  8 death yaks
  4 tengu warriors (D:15)
  6 naga sharpshooters
  2 shock serpents
  A spriggan berserker (Lair:3)
  Nergalle (Orc:1)
  2 spectral death yaks (Lair:6)
  5 skeletal warriors (D:13)
  A swamp dragon (Lair:6)
  4 naga ritualists
  A lindwurm (Lair:5)
  2 orange crystal statues (IceCv)
  A wizard (D:14)
  3 harpies (Shoals:1)
  5 deep elf pyromancers
  3 orc knights
  An oklob plant (Lair:1)
  5 mana vipers
  11 ugly things
  The ghost of 0gre the Conjurer, a novice GnCj (D:6)
  A wolf spider (D:15)
  An orc sorcerer (Orc:2)
  4 salamanders
  9 cyclopes
  8 manticores
  17 black mambas
  9 elephants
  2 moths of wrath (Lair:3)
  2 merfolk sirens (Shoals:2)
  12 naga magi
  Joseph (D:9)
  A water nymph (Shoals:2)
  6 guardian serpents
  2 unseen horrors (D:12)
  3 gargoyles
  11 cane toads
  6 rime drakes
  13 komodo dragons
  4 yaktaurs (D:14)
  An anaconda simulacrum (IceCv)
  4 red devils (D:15)
  2 tengu conjurers
  2 freezing wraiths (IceCv)
  5 trolls
  A meliai (D:14)
  3 merfolk
  9 polar bears (Lair:6)
  Grinder (D:6)
  A hornet (Lair:3)
  A wolf spider simulacrum (D:14)
  A raiju (Lair:6)
  17 slime creatures
  2 snapping turtles
  A spectral black mamba (Lair:6)
  22 dream sheep
  5 spriggans (Lair:3)
  9 wyverns
  52 yaks
  A dire elephant simulacrum (IceCv)
  Grum (D:8)
  8 basilisks
  3 steam dragons
  4 vampire mosquitoes (D:14)
  Menkaure (D:6)
  3 acid dragons
  2 harpy simulacra (IceCv)
  7 hydra simulacra
  5 wargs
  31 nagas
  12 water moccasins
  16 hell hounds (Lair:6)
  12 black bears
  34 orc warriors
  An alligator simulacrum (IceCv)
  3 swamp drakes (Lair:6)
  2 sky beasts
  2 ettin simulacra (IceCv)
  13 ogres
  A necrophage (D:6)
  21 wolves
  19 centaurs
  A phantom (D:6)
  3 kobold brigands
  8 bullfrogs
  3 gnoll sergeants
  A cane toad simulacrum (Lair:6)
  A two-headed ogre simulacrum (Orc:1)
  A scorpion (D:6)
  4 killer bees (D:9)
  6 howler monkeys
  2 lindwurm simulacra (IceCv)
  7 electric eels
  2 vampire bats (Lair:6)
  4 wights (D:9)
  3 centaur zombies
  12 orc priests
  3 gnoll shamans
  A centaur skeleton (D:7)
  5 hounds
  2 jellies
  2 spectral orcs (Orc:1)
  2 iguanas (Lair:6)
  20 orc wizards
  8 hell rats
  A troll simulacrum (Orc:1)
  A killer bee zombie (D:9)
  20 gnolls
  A howler monkey skeleton (D:4)
  11 adders
  2 ogre simulacra (Orc:1)
  4 white imps
  3 orc simulacra (Orc:1)
  An adder skeleton (D:4)
  A worm (D:4)
  2 dart slugs
  The ghost of BigDaddyOpFi the Sneak, a weakling FeDe (D:5)
  65 orcs
  14 bats
  5 endoplasms
  3 giant cockroaches
  12 goblins
  4 hobgoblins
  3 jackals (D:2)
  5 quokkas
  11 ball pythons
  15 kobolds
  6 rats
  11 fungi
  75 plants
960 creatures vanquished.

Notes
Turn   | Place    | Note
-------+----------+-------------------------------------------
     0 | D:1      | jfcaron the Djinni Air Elementalist began the quest for the
                  | Orb.
     0 | D:1      | Reached XP level 1. HP: 15/15 MP: 0/0
   168 | D:1      | Reached XP level 2. HP: 15/21 MP: 0/0
   654 | D:1      | Reached XP level 3. HP: 22/25 MP: 0/0
   654 | D:1      | Learned a level 1 spell: Sting
  1375 | D:2      | Reached XP level 4. HP: 27/31 MP: 0/0
  1429 | D:2      | Found a faded altar of an unknown god.
  1936 | D:2      | Found a broken altar of Ashenzari.
  2466 | D:3      | Reached XP level 5. HP: 33/35 MP: 0/0
  2466 | D:3      | Learned a level 2 spell: Passwall
  3195 | D:4      | Noticed a kobold brigand
  3498 | D:4      | Killed a kobold brigand
  3499 | D:4      | Reached skill level 5 in Spellcasting
  3499 | D:4      | Reached XP level 6. HP: 32/40 MP: 0/0
  3891 | D:4      | Noticed an ogre
  3898 | D:4      | Killed an ogre
  3927 | D:4      | Reached XP level 7. HP: 43/45 MP: 0/0
  3927 | D:4      | Learned a level 3 spell: Teleport Other
  4371 | D:5      | Entered Level 5 of the Dungeon
  4881 | D:5      | Found a runed translucent door.
  4992 | D:5      | Reached XP level 8. HP: 36/50 MP: 0/0
  5371 | D:5      | Noticed BigDaddyOpFi's ghost (weakling FeDe)
  5532 | D:5      | Killed BigDaddyOpFi's ghost
  5749 | D:6      | Noticed Grinder
  5753 | D:6      | Killed Grinder
  6067 | D:6      | Found a large runed translucent door.
  6068 | D:6      | Found a large runed translucent door.
  6070 | D:6      | Noticed 0gre's ghost (novice GnCj)
  6749 | D:6      | Reached XP level 9. HP: 47/55 MP: 0/0
  6749 | D:6      | Learned a level 3 spell: Portal Projectile
  6768 | D:6      | Noticed Menkaure
  6771 | D:6      | Killed Menkaure
  7301 | D:7      | Found a staircase to the Ecumenical Temple.
  7387 | Temple   | Entered the Ecumenical Temple
  7428 | Temple   | Became a worshipper of Makhleb the Destroyer
  7879 | D:7      | Reached skill level 1 in Fighting
  8827 | D:8      | Noticed a gargoyle
  8831 | D:8      | Killed a gargoyle
  8832 | D:8      | Reached skill level 5 in Fighting
  8942 | D:8      | Reached XP level 10. HP: 62/70 MP: 0/0
  9210 | D:8      | Noticed a two-headed ogre
  9229 | D:8      | Killed a two-headed ogre
  9375 | D:8      | Reached * piety under Makhleb
  9449 | D:8      | Found a white marble altar of Elyvilon.
  9526 | D:8      | Found a shimmering altar of Xom.
  9621 | D:8      | Noticed Grum
  9648 | D:8      | Killed Grum
 10309 | D:9      | Found Sataev's Assorted Antiques.
 10456 | D:8      | Reached skill level 10 in Spellcasting
 10661 | D:9      | Noticed a deep elf pyromancer
 10665 | D:9      | Killed a deep elf pyromancer
 10666 | D:9      | Reached XP level 11. HP: 31/82 MP: 0/0
 10666 | D:9      | Learned a level 5 spell: Lee's Rapid Deconstruction
 10669 | D:9      | Noticed Joseph
 10904 | D:9      | Killed Joseph
 11252 | D:9      | Identified the +10 flail "Ucwuz" {vorpal, Str+5}
 11277 | D:9      | Bought a sedimented ruby potion for 25 gold pieces
 11277 | D:9      | Bought a scroll labelled MIC JETHREY for 28 gold pieces
 11277 | D:9      | Bought a scroll labelled SINUIGY QIEDUWO for 28 gold pieces
 11301 | D:9      | Reached ** piety under Makhleb
 11618 | D:9      | Found an ornate altar of the Wu Jian Council.
 11765 | D:9      | Found a glowing silver altar of Zin.
 11822 | D:9      | Found a staircase to the Lair.
 11865 | D:9      | Reached skill level 10 in Fighting
 11865 | D:9      | Reached skill level 1 in Invocations
 12016 | D:9      | Found an opulent altar of Gozag.
 12019 | D:9      | Found a glowing golden altar of the Shining One.
 12035 | D:9      | Found a bloodstained altar of Trog.
 12037 | D:9      | Found a snail-covered altar of Cheibriados.
 12037 | D:9      | Found a sparkling altar of Nemelex Xobeh.
 12038 | D:9      | Found a broken altar of Ashenzari.
 12040 | D:9      | Found a hide-covered altar of Uskayaw.
 12042 | D:9      | Found a blossoming altar of Fedhas.
 12341 | D:9      | Bought a scroll of teleportation for 84 gold pieces
 12341 | D:9      | Bought a scroll of identify for 56 gold pieces
 12378 | D:10     | Entered Level 10 of the Dungeon
 12424 | D:10     | Acquired a manual of Invocations
 12556 | D:10     | Found Miusiyf's General Store.
 12562 | D:10     | Bought a scroll of identify for 30 gold pieces
 12562 | D:10     | Bought a potion of mutation for 120 gold pieces
 12710 | D:10     | Found Cizassua's Antique Armour Shop.
 12754 | D:10     | Noticed a two-headed ogre
 12759 | D:10     | Killed a two-headed ogre
 13054 | D:10     | Found Inim's Magic Scroll Boutique.
 13618 | D:11     | Found Xueseoc's Antique Armour Boutique.
 13767 | D:11     | Noticed a two-headed ogre
 13781 | D:11     | Killed a two-headed ogre
 13781 | D:11     | Reached *** piety under Makhleb
 14212 | D:11     | Found a staircase to the Orcish Mines.
 14465 | D:11     | Noticed a cyclops
 14470 | D:11     | Killed a cyclops
 14879 | D:10     | Bought a runed hat for 189 gold pieces
 14931 | Lair:1   | Entered Level 1 of the Lair of Beasts
 15151 | Lair:1   | Reached skill level 10 in Invocations
 15245 | Lair:1   | Reached XP level 12. HP: 75/91 MP: 0/0
 15939 | Lair:1   | Identified the +5 mace "Deeklo Majatt" {elec, Int+4}
 16222 | Lair:2   | Found a staircase to the Snake Pit.
 16563 | Lair:2   | Found a staircase to the Shoals.
 17181 | Lair:2   | Noticed Fannar
 17191 | Lair:2   | Killed Fannar
 17962 | Lair:3   | Noticed a spriggan berserker
 17963 | Lair:3   | Noticed a spriggan rider
 17964 | Lair:3   | Noticed bnorton916's ghost (journeyman DECj)
 17975 | Lair:3   | Found a transporter.
 18101 | Lair:3   | Found a transporter.
 18209 | Lair:3   | Noticed a four-headed hydra
 18214 | Lair:3   | Killed a four-headed hydra
 18348 | Lair:3   | Reached XP level 13. HP: 93/99 MP: 0/0
 18348 | Lair:3   | Learned a level 5 spell: Fireball
 18751 | Lair:3   | Found a bloodstained altar of Trog.
 18844 | Lair:4   | Reached **** piety under Makhleb
 19438 | Lair:5   | Found a staircase to the Slime Pits.
 19438 | Lair:5   | Found a viscous altar of Jiyva.
 20012 | Lair:5   | Reached XP level 14. HP: 110/110 MP: 0/0
 20025 | Lair:5   | Reached ***** piety under Makhleb
 20297 | Lair:6   | Entered Level 6 of the Lair of Beasts
 20703 | Lair:6   | Found a runed translucent gate.
 20703 | Lair:6   | Found a runed translucent gate.
 20704 | Lair:6   | Found a runed translucent gate.
 20754 | Lair:6   | Identified the +6 trident "Dehes" {drain, Fragile rPois
                  | rN+++ Int+5 Stlth+}
 21438 | Lair:6   | Reached ****** piety under Makhleb
 21631 | Lair:6   | Noticed Pyris's ghost (journeyman GrFi)
 21945 | Lair:6   | Reached XP level 15. HP: 114/118 MP: 0/0
 21945 | Lair:6   | Learned a level 6 spell: Eringya's Noxious Bog
 22314 | Lair:3   | Killed bnorton916's ghost
 22763 | D:6      | Killed 0gre's ghost
 22963 | D:11     | Reached skill level 15 in Fighting
 23578 | D:12     | You are sucked into a shaft and drop 1 floor!
 24450 | D:13     | HP: 16/120 [boulder beetle (23)]
 24872 | Orc:1    | Entered Level 1 of the Orcish Mines
 24873 | Orc:1    | Noticed Nergalle
 24880 | Orc:1    | Killed Nergalle
 25112 | Orc:2    | Entered Level 2 of the Orcish Mines
 25283 | Orc:2    | Reached XP level 16. HP: 47/126 MP: 0/0
 25694 | Orc:1    | Found a runed translucent gate.
 25695 | Orc:1    | Found a runed translucent gate.
 25696 | Orc:1    | Found a runed translucent gate.
 25936 | Orc:1    | Noticed worthlessgem's ghost (journeyman DjWr)
 25945 | Orc:1    | Killed worthlessgem's ghost
 26138 | Orc:2    | Found a staircase to the Elven Halls.
 26175 | Orc:2    | Reached skill level 15 in Spellcasting
 26409 | Orc:2    | Found Usteo's Assorted Antiques.
 26409 | Orc:2    | Found Qiunaff's Antique Weapon Shop.
 26411 | Orc:2    | Found Gukhlip's Jewellery Boutique.
 26413 | Orc:2    | Found Cimaquba's Book Shoppe.
 26428 | Orc:2    | Bought an ancient mace for 232 gold pieces
 26428 | Orc:2    | Identified the +5 mace "Killer Bee's Regret" {flame,
                  | *Corrode rPois MP+9 SInv} (You bought it in a shop on level
                  | 2 of the Orcish Mines)
 26433 | Orc:2    | Bought a faintly glowing trident for 246 gold pieces
 26433 | Orc:2    | Identified the +6 trident of Ehan {elec, rElec Will+ Str+4}
                  | (You bought it in a shop on level 2 of the Orcish Mines)
 26835 | Lair:6   | Killed Pyris's ghost
 27194 | D:14     | Found a gate to the Vaults.
 28181 | D:15     | Entered Level 15 of the Dungeon
 28185 | D:15     | HP: 17/128 [centaur warrior/arrow (15)]
 29031 | D:15     | Reached skill level 5 in Dodging
 29031 | D:15     | Reached XP level 17. HP: 133/133 MP: 0/0
 29031 | D:15     | Learned a level 6 spell: Death Channel
 29034 | D:15     | Found a staircase to the Depths.
 29575 | Snake:1  | Entered Level 1 of the Snake Pit
 29796 | Snake:1  | Reached skill level 5 in Shields
 30161 | Snake:1  | Found Burchuma's Book Emporium.
 30163 | Snake:1  | Found Yseoq's Jewellery Boutique.
 30170 | Snake:1  | Found Sesienk's Book Emporium.
 30560 | Snake:1  | Found a shimmering altar of Xom.
 30762 | Snake:2  | Noticed Aizul
 30769 | Snake:2  | Killed Aizul
 31378 | Snake:2  | Found Utibef's Assorted Antiques.
 31388 | Snake:2  | Bought a potion of heal wounds for 125 gold pieces
 31911 | Snake:3  | Reached skill level 10 in Shields
 32096 | Snake:3  | Found Jifyg's Antique Weapon Shoppe.
 32793 | Shoals:1 | Entered Level 1 of the Shoals
 32793 | Shoals:1 | Found a runed translucent gate.
 32793 | Shoals:1 | Found a runed translucent gate.
 32793 | Shoals:1 | Found a runed translucent gate.
 32813 | Shoals:1 | Found a flickering gateway to a bazaar.
 32827 | Bazaar   | Entered a bazaar
 32839 | Bazaar   | Found Vuofion's Antique Weapon Emporium.
 32852 | Bazaar   | Found Qussuaw's Antique Weapon Shoppe.
 32869 | Bazaar   | Found Jotretui's Antique Armour Shoppe.
 32880 | Bazaar   | Found Jyaps's Antique Armour Emporium.
 32903 | Bazaar   | Bought a faintly humming cloak for 237 gold pieces
 32903 | Bazaar   | Identified the +0 cloak "Orutzuyps" {Harm Str+9} (You
                  | bought it in a shop in a bazaar)
 32917 | Bazaar   | Bought a transparent mace for 208 gold pieces
 32917 | Bazaar   | Identified the +10 mace "Woxironk" {vorpal, Dex+3 Stlth+}
                  | (You bought it in a shop in a bazaar)
 32963 | Shoals:1 | Noticed Heh's ghost (adept DsGl)
 32963 | Shoals:1 | Noticed fearitself's ghost (adept MiBe)
 32963 | Shoals:1 | Noticed Lianjan's ghost (adept MiGl)
 32971 | Shoals:1 | You are sucked into a shaft and drop 1 floor!
 32982 | Shoals:2 | Found a frozen archway.
 33003 | IceCv    | Entered an ice cave
 33007 | IceCv    | Reached XP level 18. HP: 139/139 MP: 0/0
 33047 | IceCv    | Found the +4 skin of Zhor {*Englaciate rC+++ SInv}
 33216 | Shoals:2 | Noticed Ilsuiw
 33234 | Shoals:2 | Killed Ilsuiw
 33288 | Shoals:1 | Noticed Nikola
 33294 | Shoals:1 | HP: 23/139 [Nikola/arc of chain lightning (45)]
 33295 | Shoals:1 | Killed from afar by Nikola

Illustrated notes

Levels and vault maps discovered:
D:1:      erik_arrival_triangle_small, layout_basic, minmay_pentomino_z2
D:2:      layout_loops_cross, dreamdust_ecumenical_altar_statues, basic_altar
D:3:      layout_basic, corexii_shack
D:4:      minmay_diamond_boxcup, layout_cave_pools
D:5:      layout_cave_pools, ebering_ghost_sewer_d,
          minmay_misc_feat_secret_circle, st_stairs_4
D:6:      layout_loops_ring, ebering_ghost_disaster_area, kennysheep_boxes,
          uniq_grinder, uniq_menkaure
D:7:      layout_loops_ring, minmay_temple_entry_gardened_gates
D:8:      layout_loops_ring, general_overflow_altar,
          mainiacjoe_overflow_concentric_impassable, uniq_grum
D:9:      layout_basic, minitemple, mainiacjoe_overflow_small_starburst,
          nzn_wu_jian_contemplation, david_lair_shrubbed, serial_shops, shop,
          uniq_joseph
D:10:     layout_layer_cave, serial_shops, shop, nicolae_shop_waterfront,
          nicolae_take_the_stairs
D:11:     layout_stronghold, orc_0_dummy, serial_shops, nicolae_shop_stone
D:12:     layout_loops_cross, special_room [special_room_orc], abandoned_shop,
          vehumet_crystals
D:13:     layout_irregular_city
D:14:     layout_rooms, lightli_vaults_fourway_checkpoint, special_room
          [special_room_mythical_zoo], grunt_ministairs_10
D:15:     hangedman_depths_entry_try_elsewhere_first, layout_loops_ring,
          hangedman_abyss_or_decor_jellyfish_corner,
          einodemon_armed_red_devil_minivault
Temple:   jpeg_temple_island
Lair:1:   layout_regular_city, grunt_megastairs_1, minmay_lair_oklob_chamber
Lair:2:   layout_cave_pods, minmay_shoals_entry_hut,
          minmay_snake_entry_guardpost_small, grunt_megastairs_2, uniq_fannar
Lair:3:   layout_loops_ring, gammafunk_ghost_wrathful_warriors,
          infiniplex_staircase_pool
Lair:4:   layout_hall_layers, serial_bayou_shore_b
Lair:5:   layout_gridlike, slime_altar_1
Lair:6:   hangedman_lair_caniforms_friends, layout_cave_pods,
          guppyfry_lair_end_dragon, gammafunk_ghost_necromancy, st_stairs_8,
          minivault_23, roderic_batcave, nicolae_lair_yak_garden,
          serial_bayou_shore_b
Shoals:1: layout_shoals, serial_shops, freezing_bzr, gammafunk_ghost_cemetery,
          uniq_roxanne, uniq_kirke, uniq_nikola
Shoals:2: argonaut_golden_fleece, layout_shoals,
          portal_ice_cave_entry_pillars_1, uniq_ilsuiw
Snake:1:  nrook_guardian_serpent_snake_passage, layout_misc_corridors,
          basic_altar, serial_bayou_shore_b, minmay_shop_grove
Snake:2:  layout_concentric_octagons, serial_shops, shop, uniq_aizul
Snake:3:  layout_honeycomb, serial_shops,
          nicolae_shop_temple_entry_statues_fountains
Orc:1:    layout_caves, gammafunk_ghost_necromancy, statue_in_the_mist_lemuel,
          uniq_nergalle
Orc:2:    st_orc_rangers, layout_caves

Skill      XL: |  1  2  3  4  5  6  7  8  9 10 11 12 13 14 15 16 17 18 |
---------------+-------------------------------------------------------+-----
Spellcasting   | 3 4 5 6 8 9 10 11 13 14 15 16 | 16.0
Fighting       | 5 8 10 11 13 14 15 16 | 16.0
Shields        | 4 11 12 | 12.4
Invocations    | 10 13 | 13.0
Dodging        | 5 |  5.0
Stealth        | |  1.5

Action                   |  1- 3 |  4- 6 |  7- 9 | 10-12 | 13-15 | 16-18 || total
-------------------------+-------+-------+-------+-------+-------+-------++-------
Melee: Unarmed           |     1 |       |       |       |       |       ||     1
       Dagger            |     5 |       |     2 |       |       |       ||     7
       Flail             |       |       |       |     7 |       |       ||     7
       Mace              |       |       |       |       |     2 |       ||     2
       Trident           |       |       |       |       |       |     5 ||     5
Throw: Dart              |       |     1 |     2 |     4 |       |       ||     7
 Cast: Shock             |    54 |    68 |    65 |   162 |    38 |     2 ||   389
       Static Discharge  |     1 |     8 |     4 |     3 |     1 |       ||    17
       Sting             |     5 |     9 |    12 |     5 |     1 |       ||    32
       Airstrike         |       |       |    54 |   193 |   436 |   262 ||   945
       Swiftness         |       |       |     2 |       |     1 |       ||     3
       Teleport Other    |       |       |       |     2 |     1 |       ||     3
       Lee's Rapid Decon |       |       |       |    23 |    96 |   175 ||   294
       Fireball          |       |       |       |       |    66 |    40 ||   106
       Eringya's Noxious |       |       |       |       |     1 |     1 ||     2
       Death Channel     |       |       |       |       |       |    21 ||    21
Invok: Minor Destruction |       |       |       |       |       |    10 ||    10
       Major Destruction |       |       |       |       |       |     1 ||     1
       Lesser Servant of |       |       |       |       |       |     3 ||     3
       Greater Servant o |       |       |       |       |       |     4 ||     4
Evoke: Wand              |       |       |       |     1 |       |       ||     1
  Use: Scroll            |     4 |     2 |     9 |    13 |     2 |     3 ||    33
       Potion            |       |       |       |       |     1 |     2 ||     3
 Stab: Sleeping          |     1 |       |     2 |       |       |       ||     3
Armor: Robe              |     1 |     2 |     1 |       |     4 |    16 ||    24
       Steam dragon scal |       |       |       |    24 |    28 |       ||    52
       Animal skin       |       |       |       |       |       |     6 ||     6
Dodge: Dodged            |    15 |    17 |    14 |    49 |    47 |    61 ||   203
Block: Buckler           |       |       |       |    13 |    34 |    27 ||    74
       Kite shield       |       |       |       |       |       |    27 ||    27
